 Dungeon Crawl Stone Soup version 0.24-a0-520-g8fd06ad0bc (webtiles) character file.

Game seed: 14104513701913131700

228 nikopol the Chopper (level 5, -3/70 HPs)
             Began as a Minotaur Berserker on July 24, 2019.
             Was a Priest of Trog.
             Slain by an orc wizard
             ... wielding a +1 dagger of electrocution
              (14 damage)
             ... on level 3 of the Dungeon.
             The game lasted 00:04:08 (1875 turns).

nikopol the Chopper (Minotaur Berserker)            Turns: 1875, Time: 00:04:09

Health: -3/70      AC:  9    Str: 28    XL:     5   Next: 70%
Magic:  4/4        EV: 11    Int:  4    God:    Trog [***...]
Gold:   181        SH:  0    Dex:  9    Spells: 4/4 levels left

rFire    . . .     SeeInvis .   a - +1 hand axe (flame)
rCold    . . .     Gourm    .   (no shield)
rNeg     . . .     Faith    .   s - +0 scale mail
rPois    .         Spirit   .   (helmet restricted)
rElec    .         Reflect  .   (no cloak)
rCorr    .         Harm     .   e - +0 pair of gloves
MR       .....                  w - +0 pair of boots
Stlth    ..........             (no amulet)
HPRegen  0.21/turn              (no ring)
MPRegen  0.09/turn              (no ring)

@: berserking, very quick
A: retaliatory headbutt, horns 2
a: Berserk, Trog's Hand, Renounce Religion


You were on level 3 of the Dungeon.
You worshipped Trog.
Trog was most pleased with you.
You were very hungry.

You visited 1 branch of the dungeon, and saw 3 of its levels.

You collected 181 gold pieces.

Inventory:

Hand Weapons
 a - a +1 hand axe of flaming (weapon)
 k - a +6 club
 z - a +0 hand axe
Missiles
 p - 38 arrows
Armour
 b - a +0 animal skin
 e - a +0 pair of gloves (worn)
 g - a +0 ring mail
 s - a +0 scale mail (worn)
 w - a +0 pair of boots (worn)
Jewellery
 t - a +5 ring of protection {unknown}
Scrolls
 d - 4 scrolls of remove curse {unknown}
 f - a scroll of enchant weapon {unknown}
 h - 3 scrolls of teleportation {unknown}
 i - 2 scrolls of identify {unknown}
 n - a scroll of immolation {unknown}
 q - a scroll of magic mapping {unknown}
 u - 2 scrolls of enchant armour {unknown}
 v - a scroll of fog {unknown}
Potions
 j - a potion of magic {unknown}
 l - a potion of ambrosia {unknown}
 m - a potion of lignification {unknown}
 o - a potion of berserk rage {unknown}
 r - 2 potions of agility {unknown}
 A - a potion of degeneration {unknown}
Comestibles
 c - 7 rations
 x - 2 chunks of flesh


   Skills:
 + Level 4.8 Fighting
 + Level 6.0 Axes
 + Level 3.8 Armour
 + Level 3.0 Dodging


You had 4 spell levels left.
You didn't know any spells.
Your spell library was empty.

Dungeon Overview and Level Annotations

Branches:
Dungeon (3/15)

Altars:
Ashenzari
Fedhas
Ru
Xom
The Shining One


Innate Abilities, Weirdness & Mutations

You reflexively headbutt those who attack you in melee.
You have a pair of horns on your head.


Message History

You burn the frilled lizard.
You kill the frilled lizard!
Trog accepts your kill. The orc wizard barely misses you.
The orc barely misses you. The adder completely misses you.
A rat comes into view.
You closely miss the orc wizard.
The orc wizard is almost dead.
You hit the goblin. You burn the goblin. You hit the adder but do no damage.
You hit the orc. You burn the orc.
The orc wizard hits you but does no damage.
You are electrocuted!!
* * * LOW HITPOINT WARNING * * *
The adder closely misses you. The orc closely misses you.
A red film seems to cover your vision as you go berserk!
You feel yourself moving faster!
You feel mighty!
You are feeling very hungry.
The orc wizard hits you but does no damage.
You are electrocuted!
You die...

.......+.. #...#.# #
.......#.# #...#.# #
.......#.# #...#.# #
.......#.######...#)####
.......#.#........รท....#
..............#...#)##.#
.......((..##....##.# #
......oo...#####.##.# #
......S@.......#.##.# #
.....g.g...#.....#... #
.ro........#.....#... #
.#####.....##...##... #
#......#...#..... #
#......##.## #
..###....#.#. #### ..
###.##### ###...
#...###.....


You could see 2 orc wizards, an adder, an orc, a hobgoblin, a goblin and a rat.

Vanquished Creatures
  2 orc priests (D:3)
  An orc wizard (D:3)
  Jessica (D:2)
  3 adders
  A worm (D:2)
  A dart slug (D:3)
  5 leopard geckos
  6 orcs (D:3)
  4 bats
  3 giant cockroaches
  8 goblins
  5 hobgoblins
  6 jackals (D:2)
  A quokka (D:3)
  3 frilled lizards
  5 kobolds
  A quokka skeleton (D:2)
  22 rats
78 creatures vanquished.

Notes
Turn   | Place    | Note
-------+----------+-------------------------------------------
     0 | D:1      | nikopol the Minotaur Berserker began the quest for the Orb.
     0 | D:1      | Reached XP level 1. HP: 19/19 MP: 0/0
   138 | D:1      | Reached skill level 4 in Axes
   138 | D:1      | Reached XP level 2. HP: 16/27 MP: 1/1
   485 | D:1      | Reached ** piety under Trog
   728 | D:2      | Found a shimmering altar of Xom.
   733 | D:2      | Noticed Jessica
   740 | D:2      | Killed Jessica
   740 | D:2      | Reached XP level 3. HP: 30/34 MP: 2/2
   791 | D:2      | Reached XP level 4. HP: 29/41 MP: 3/3
  1414 | D:3      | Found a glowing golden altar of the Shining One.
  1416 | D:3      | Found a sacrificial altar of Ru.
  1419 | D:3      | Found a blossoming altar of Fedhas.
  1440 | D:3      | Reached skill level 5 in Axes
  1534 | D:3      | Found a shattered altar of Ashenzari.
  1577 | D:3      | Reached *** piety under Trog
  1609 | D:3      | Reached XP level 5. HP: 47/47 MP: 4/4
  1865 | D:3      | Reached skill level 6 in Axes
  1875 | D:3      | Slain by an orc wizard

Levels and vault maps discovered:
D:1:      erik_arrival_orb_chamber, layout_basic, nrook_campfire
D:2:      layout_basic, xom_teletrap_fun, minmay_quadrilaterals, uniq_jessica
D:3:      wad_lake_hut, layout_basic, elyvilon_altar_5,
          grunt_temple_overflow_open, first_ration, nicolae_ashenzari_panopticon

Skill      XL: |  1  2  3  4  5 |
---------------+----------------+-----
Axes           | 4 5 6 |  6.0
Fighting       | 4 |  4.8
Armour         | 3 |  3.8
Dodging        | 3 |  3.0

Action                   |  1- 3 |  4- 6 || total
-------------------------+-------+-------++-------
Melee: Hand axe          |    77 |    66 ||   143
       Headbutt          |     9 |    16 ||    25
Invok: Berserk           |       |     2 ||     2
  Eat: Chunk             |       |     4 ||     4
Armor: Animal skin       |     5 |       ||     5
       Ring mail         |    15 |     1 ||    16
       Scale mail        |       |    28 ||    28
Dodge: Dodged            |    47 |    40 ||    87

Table legend:
 A = Non-vault XP
 B = Vault XP
 C = Vault XP percentage of total XP
 D = Non-vault monster count
 E = Vault monster count
 F = Vault count percentage of total count
                 A         B        C        D         E       F
            +---------+---------+-------+---------+---------+-------
      Total |     261 |      65 |  19.9 |      62 |      16 |  20.5
            +---------+---------+-------+---------+---------+-------
        D:1 |      22 |      12 |  35.3 |      12 |      12 |  50.0
        D:2 |      53 |      53 |  50.0 |      27 |       4 |  12.9
        D:3 |     186 |       0 |   0.0 |      23 |       0 |   0.0
            +---------+---------+-------+---------+---------+-------
